 Dungeon Crawl Stone Soup version 0.22-a0-322-g60b3cfd (webtiles) character file.

74 Cattac the Insei (level 3, -6/29 HPs)
             Began as a Demigod Transmuter on Apr 4, 2018.
             Mangled by a worm (12 damage)
             ... on level 3 of the Dungeon.
             The game lasted 00:12:14 (2898 turns).

Cattac the Insei (Demigod Transmuter)               Turns: 2898, Time: 00:12:15

Health: -6/29      AC:  2    Str: 15    XL:     3   Next: 86%
Magic:  6/9        EV: 19    Int: 17    God:
Gold:   167        SH:  0    Dex: 21    Spells: 0/6 levels left

rFire    + . .     SeeInvis .     - Unarmed
rCold    . . .     Gourm    .   (shield currently unavailable)
rNeg     . . .     Faith    .   (armour currently unavailable)
rPois    x         Spirit   .   (helmet currently unavailable)
rElec    .         Reflect  .   (cloak currently unavailable)
rCorr    .         Harm     .   (gloves currently unavailable)
MR       .....                  (boots currently unavailable)
Stlth    ++........             (no amulet)
HPRegen  0.09/turn              i - ring of protection from fire
MPRegen  0.11/turn              (no ring)

@: spider-form (expiring)
A: tiny, high mp 1
a: End Transformation


You were on level 3 of the Dungeon.
You were not hungry.
You were a venomous arachnid creature.
You visited 1 branch of the dungeon, and saw 3 of its levels.

You collected 167 gold pieces.

Inventory:

Hand Weapons
 e - a +0 club (melded)
Missiles
 a - 30 arrows
Armour
 b - a +0 robe (melded)
 f - a +0 pair of gloves (melded)
 q - a +0 pair of boots (melded)
Jewellery
 i - a ring of protection from fire (left front leg)
Scrolls
 c - 2 scrolls of teleportation {unknown}
 j - 4 scrolls of identify
 l - a scroll of fear {unknown}
 m - a scroll of noise {unknown}
 o - a scroll of enchant armour {unknown}
 t - a scroll of enchant weapon {unknown}
Potions
 g - a potion of agility {unknown}
 h - a potion of haste
 k - 2 potions of curing
 n - 2 potions of degeneration {unknown}
 p - a potion of berserk rage {unknown}
 r - a potion of lignification {unknown}
 s - a potion of might {unknown}
Comestibles
 d - a ration
 u - 5 chunks of flesh


   Skills:
 * Level 2.2 Fighting
 - Level 1.7 Dodging
 + Level 3.1 Unarmed Combat
 + Level 2.2 Spellcasting
 + Level 2.3 Transmutations


You couldn't memorise any spells.
You knew the following spells:

 Your Spells              Type           Power        Failure   Level  Hunger
a - Beastly Appendage     Tmut           #.....       19%         1    #......
b - Sticks to Snakes      Tmut           #.......     26%         2    ###....
c - Spider Form           Tmut/Pois      #.........   56%         3    ###....


Dungeon Overview and Level Annotations

Branches:
Dungeon (3/15)


Innate Abilities, Weirdness & Mutations

You have an increased reservoir of magic. (+10% MP)


Message History

Your +0 pair of boots melds into your body.
Your +0 robe melds into your body.
The worm bites you. The goblin misses you.
You are too injured to fight recklessly!
You closely miss the goblin.
Your transformation is almost over.
The goblin misses you. The worm closely misses you.
You hit the goblin.
The goblin is poisoned.
The goblin is moderately wounded.
The goblin hits you but does no damage.
You hit the goblin.
The goblin looks as sick as possible!
The goblin is heavily wounded.
You kill the goblin!
The worm bites you.
* * * LOW HITPOINT WARNING * * *
You barely miss the worm.
The worm is moderately wounded.
You hit the worm but do no damage.
The worm is moderately wounded.
The worm bites you!
You die...

# #.......#
#.......#
#.......#
#.......#
#.......#
#.......#
#...)...#
#..ws...#
#.......#
########.#
#........#
#.########
#.##########
#.
#.#.....)..#
#.
#.#.###.##.#
##
#.#..>...#.#


You could see a worm.

Vanquished Creatures
  A hound skeleton (D:3)
  An adder (D:3)
  2 oozes
  A dart slug (D:2)
  A ball python (D:1)
  7 bats
  3 giant cockroaches (D:3)
  A goblin (D:3)
  5 hobgoblins
  A quokka (D:2)
  4 frilled lizards
  5 kobolds
  5 rats
37 creatures vanquished.

Vanquished Creatures (collateral kills)
  An adder (D:2)
1 creature vanquished.

Grand Total: 38 creatures vanquished

Notes
Turn   | Place    | Note
-------+----------+-------------------------------------------
     0 | D:1      | Cattac the Demigod Transmuter began the quest for the Orb.
     0 | D:1      | Reached XP level 1. HP: 15/15 MP: 5/5
    25 | D:1      | Reached skill level 1 in Fighting
   652 | D:1      | Reached XP level 2. HP: 23/23 MP: 7/7
   784 | D:1      | Learned a level 2 spell: Sticks to Snakes
  1342 | D:2      | Reached skill level 3 in Unarmed Combat
  1368 | D:2      | Reached XP level 3. HP: 12/29 MP: 8/8
  1896 | D:2      | Learned a level 3 spell: Spider Form
  2088 | D:2      | Found a shattered altar of Ashenzari.
  2290 | D:3      | HP: 1/29 [orc priest/divine providence (17)]
  2898 | D:3      | Mangled by a worm

Vault maps used:
D:1:      matt_arrival_grand_opening
D:2:      overflow_temple_1_default, first_ration, grunt_ministairs_12,
          kennysheep_another_room, feat_on_display

Skill      XL: |  1  2  3 |
---------------+----------+-----
Fighting       | 1 2 |  2.2
Transmutations | 2 |  2.3
Spellcasting   | 2 |  2.2
Unarmed Combat | 3 |  3.1
Dodging        | |  1.7

Action                   || total
-------------------------++-------
Melee: Club              ||   129
       Unarmed           ||    20
       Kick              ||     6
       Punch             ||     5
 Cast: Beastly Appendage ||     4
       Sticks to Snakes  ||     3
       Spider Form       ||     4
  Use: Scroll            ||     1
       Potion            ||     1
 Stab: Sleeping          ||     5
  Eat: Chunk             ||     1
       Ration            ||     2
Armor: Robe              ||    67
       Skin              ||     1
Dodge: Dodged            ||   122

Table legend:
 A = Spawn XP
 B = Non-spawn XP
 C = Spawn XP percentage of total XP
 D = Spawn monster count
 E = Non-spawn monster count
 F = Spawn count percentage of total count
 G = Total turns spent on level
                    A         B        C        D         E        F      G
               +---------+---------+-------+---------+---------+-------+---------
         Total |       0 |     107 |   0.0 |       0 |      38 |   0.0 |  2898
               +---------+---------+-------+---------+---------+-------+---------
           D:1 |       0 |      31 |   0.0 |       0 |      18 |   0.0 |  1053
           D:2 |       0 |      32 |   0.0 |       0 |      11 |   0.0 |  1114
           D:3 |       0 |      44 |   0.0 |       0 |       9 |   0.0 |   731
               +---------+---------+-------+---------+---------+-------+---------
